Map: Deathaura LE

Players

DisK

  • Race: Protoss Protoss
  • League: Grandmaster
  • Spawn Location: 11:00

Neeb - Winner!

  • Race: Protoss Protoss
  • League: Master
  • Spawn Location: 5:00

Event: DreamHack SC2 Masters 2020 Fall

VOD

Have the link to the VOD?

Description

Time

  • Played on: Sept. 1, 2020, 3:58 p.m.
  • Length: 14:13

All games in this series

Show
View Real Time Build Order
Export as new Build Order

DisK Protoss 

Build Orders: Phoenix Opening 

Get SALT Encoding   

  12  0:00  Probe  
  13  0:12  Probe  
  14  0:16  Pylon  
  14  0:26  Probe (Chrono Boost)  
  15  0:35  Gateway  
  15  0:38  Probe (Chrono Boost)  
  16  0:46  Probe (Chrono Boost)  
  16  0:47  Assimilator  
  17  0:52  Probe (Chrono Boost)  
  17  0:55  Assimilator  
  18  1:04  Probe (Chrono Boost)  
  18  1:09  Gateway  
  19  1:13  Probe (Chrono Boost)  
  20  1:19  Probe  
  20  1:25  Cybernetics Core  
  21  1:31  Probe  
  22  1:35  Pylon  
  22  1:43  Probe  
  23  1:55  Probe  
  24  2:01  Warp Gate, Stalker x2  
  24  2:07  Probe  
  29  2:11  Pylon  
  29  2:21  Probe  
  30  2:31  Stalker x2  
  34  2:52  Shield Battery  
  34  2:58  Nexus  
  34  3:01  Shield Battery  
  34  3:03  Probe  
  35  3:07  Sentry  
  37  3:16  Probe (Chrono Boost)  
  37  3:18  Pylon  
  38  3:22  Shield Battery  
  38  3:27  Probe (Chrono Boost)  
  38  3:31  Probe (Chrono Boost)  
  41  3:51  Stalker  
  41  3:52  Phoenix  
  41  3:53  Probe (Chrono Boost)  
  42  3:57  Twilight Council  
  42  4:06  Probe (Chrono Boost)  
  42  4:07  Sentry  
  45  4:14  Probe x2 (Chrono Boost)  
  47  4:21  Robotics Facility, Probe (Chrono Boost)  
  47  4:23  Probe (Chrono Boost)  
  47  4:24  Stalker  
  51  4:26  Probe (Chrono Boost)  
  51  4:28  Blink (Chrono Boost)  
  52  4:32  Probe  
  52  4:34  Phoenix  
  53  4:38  Probe  
  53  4:41  Pylon  
  53  4:44  Probe  
  55  4:48  Stalker  
  55  4:50  Probe  
  55  4:51  Stalker  
  60  4:56  Forge, Probe  
  61  5:03  Probe  
  61  5:05  Assimilator  
  62  5:07  Gateway  
  62  5:11  Gateway  
  62  5:16  Probe  
  62  5:17  Probe  
  64  5:22  Stalker  
  64  5:25  Observer, Stalker  
  64  5:26  Protoss Ground Weapons Level 1 (Chrono Boost)  
  64  5:27  Phoenix  
  69  5:37  Pylon  
  69  5:46  Gateway  
  69  5:48  Gateway  
  69  5:50  Pylon  
  69  5:51  Pylon  
  69  5:54  Warp Prism (Chrono Boost)  
  69  5:59  Stalker  
  69  6:03  Stalker  
  75  6:10  Stalker x2  
  79  6:19  Pylon  
  79  6:27  Stalker x2  
  83  6:33  Stalker x2  
  83  6:38  Pylon  
  87  6:42  Stalker x2  
  89  7:04  Stalker x4  
  95  7:16  Nexus  
  95  7:20  Adept x2  
  97  7:31  Probe x2  
  97  7:33  Protoss Ground Weapons Level 2 (Chrono Boost)  
  91  7:50  Stalker x4  
  93  7:52  Assimilator  
  93  7:54  Shield Battery, Probe x2 (Chrono Boost)  
  95  8:03  Probe x2 (Chrono Boost)  
  97  8:12  Stalker x2  
  97  8:13  Probe x2  
  97  8:18  Observer  
  99  8:25  Probe  
  99  8:26  Observer, Probe  
  101  8:30  Robotics Bay  
  101  8:33  Probe  
  100  8:37  Probe  
  100  8:38  Assimilator, Probe  
  100  8:39  Assimilator  
  102  8:43  Robotics Facility  
  102  8:45  Probe  
  103  8:51  Probe x2  
  103  8:52  Stalker x3  
  111  9:05  Pylon  
  111  9:22  Gateway  
  111  9:24  Gateway  
  113  9:26  Disruptor (Chrono Boost), Photon Cannon x3  
  113  9:27  Disruptor (Chrono Boost)  
  113  9:28  Pylon  
  113  9:30  Pylon  
  116  9:45  Stalker x5  
  118  9:51  Disruptor (Chrono Boost)  
  118  9:55  Shield Battery  
  121  10:00  Stalker  
  121  10:06  Disruptor, Pylon  
  123  10:09  Stalker x2  
  123  10:12  Stalker  
  132  10:24  Stalker x3  
  132  10:25  Stalker  
  138  10:41  Stalker  
  138  10:42  Stalker x3  
  146  10:52  Disruptor x2  
  146  10:55  Stalker x2  
  156  11:00  Pylon  
  156  11:04  Nexus  
  156  11:08  Photon Cannon  
  154  11:27  Stalker x5  
  154  11:30  Observer (Chrono Boost)  
  165  11:44  Disruptor (Chrono Boost)  
  146  11:57  Disruptor  
  123  12:08  Stalker x3  
  123  12:09  Stalker x5, Charge (Chrono Boost)  
  123  12:13  Probe  
  123  12:14  Disruptor, Probe x2  
  142  12:16  Probe  
  143  12:26  Probe x2  
  148  12:32  Probe x2  
  150  12:38  Probe  
  139  12:44  Stalker x5  
  139  12:46  Disruptor (Chrono Boost)  
  152  12:51  Disruptor (Chrono Boost)  
  151  13:02  Assimilator x2  
  151  13:12  Disruptor (Chrono Boost)  
  151  13:14  Zealot x6  
  151  13:17  Pylon  
  138  13:31  Stalker  
  138  13:32  Stalker  
  111  13:48  Stalker x6  
  100  14:06  Stalker  
  100  14:07  Stalker  
Show
View Real Time Build Order
Export as new Build Order

Neeb Protoss - Winner!

Build Orders:  

Get SALT Encoding   

  12  0:00  Probe  
  13  0:12  Probe  
  14  0:16  Pylon  
  14  0:24  Probe (Chrono Boost)  
  16  0:36  Gateway, Probe (Chrono Boost)  
  16  0:43  Probe (Chrono Boost)  
  16  0:45  Assimilator  
  17  0:50  Probe  
  17  0:54  Assimilator  
  18  1:03  Probe (Chrono Boost)  
  19  1:09  Gateway  
  19  1:13  Probe (Chrono Boost)  
  19  1:18  Probe (Chrono Boost)  
  20  1:24  Cybernetics Core  
  21  1:29  Probe  
  22  1:33  Pylon  
  22  1:41  Probe  
  23  2:00  Warp Gate, Stalker x2  
  27  2:15  Pylon  
  27  2:16  Probe  
  28  2:30  Sentry  
  28  2:33  Sentry  
  32  2:42  Nexus  
  32  2:43  Probe  
  33  2:55  Probe (Chrono Boost)  
  34  3:06  Robotics Facility  
  34  3:07  Probe (Chrono Boost)  
  35  3:14  Shield Battery  
  35  3:15  Probe (Chrono Boost)  
  36  3:21  Probe  
  37  3:33  Probe  
  38  3:45  Probe  
  38  3:54  Stalker x2  
  42  3:57  Probe  
  42  3:58  Immortal (Chrono Boost), Probe  
  48  4:09  Probe  
  49  4:10  Probe  
  50  4:17  Pylon  
  50  4:18  Sentry  
  50  4:21  Probe  
  50  4:22  Probe  
  54  4:27  Pylon  
  54  4:35  Probe (Chrono Boost), Pylon  
  54  4:36  Observer, Probe (Chrono Boost)  
  57  4:44  Forge  
  58  4:46  Assimilator  
  58  4:47  Twilight Council, Probe x2 (Chrono Boost)  
  58  4:49  Assimilator  
  58  4:52  Probe x2 (Chrono Boost)  
  61  5:00  Immortal  
  61  5:04  Probe x2  
  67  5:15  Blink (Chrono Boost), Protoss Ground Weapons Level 1 (Chrono Boost)  
  67  5:16  Probe, Pylon  
  67  5:19  Probe  
  69  5:23  Shield Battery  
  69  5:41  Observer, Probe x2  
  72  5:43  Nexus  
  72  5:45  Pylon  
  72  5:48  Stalker  
  74  5:50  Stalker  
  74  5:53  Probe  
  74  5:54  Probe  
  77  6:06  Gateway, Probe  
  77  6:07  Gateway  
  77  6:09  Probe  
  79  6:14  Stalker x2  
  83  6:27  Gateway  
  83  6:28  Gateway  
  83  6:29  Pylon  
  83  6:32  Shield Battery  
  83  6:39  Stalker x2  
  87  6:46  Shield Battery  
  85  7:01  Stalker x2  
  85  7:02  Stalker x2  
  85  7:04  Photon Cannon  
  85  7:05  Photon Cannon  
  93  7:13  Protoss Ground Weapons Level 2 (Chrono Boost), Probe  
  89  7:18  Probe  
  89  7:19  Observer  
  89  7:20  Probe  
  92  7:22  Templar Archives  
  92  7:31  Stalker  
  92  7:32  Stalker x3  
  100  7:38  Probe x2  
  100  7:40  Probe  
  101  7:50  Probe  
  98  7:53  Probe  
  98  7:54  Stalker x2  
  103  7:59  Probe, Pylon  
  103  8:05  Warp Prism  
  104  8:15  Pylon  
  104  8:18  Pylon  
  104  8:20  Nexus  
  104  8:25  Pylon  
  104  8:26  Charge  
  104  8:28  Gateway  
  104  8:30  Gateway  
  104  8:36  Pylon, Stalker x3  
  104  8:39  Probe x3  
  113  8:41  High Templar x2  
  113  8:42  Zealot  
  119  8:50  Archon  
  119  8:51  Probe x2  
  119  8:52  Probe  
  122  8:56  Nexus  
  122  8:58  Shield Battery  
  122  9:02  Gateway  
  122  9:03  Gateway, Photon Cannon  
  122  9:06  High Templar  
  122  9:07  High Templar x2  
  122  9:08  High Templar  
  130  9:11  Archon  
  130  9:12  Archon  
  128  9:25  Photon Cannon  
  128  9:27  Zealot x2, Shield Battery, Pylon  
  128  9:29  Pylon  
  128  9:30  Pylon  
  132  9:40  Warp Prism  
  132  9:47  Probe x2  
  132  9:48  Probe  
  132  9:50  Pylon  
  132  9:52  Zealot x5, High Templar x2, Protoss Ground Weapons Level 3 (Chrono Boost)  
  149  10:01  Archon  
  149  10:05  Zealot x3  
  155  10:07  Probe x3  
  155  10:12  Zealot  
  160  10:14  Zealot  
  160  10:15  Zealot x2  
  160  10:17  Zealot  
  168  10:26  Robotics Bay  
  168  10:30  Robotics Facility  
  162  10:38  Robotics Facility  
  160  10:44  Observer, Probe  
  160  10:45  Probe x3  
  160  10:46  Assimilator  
  160  10:47  Assimilator  
  155  10:52  Zealot, Stalker x3  
  155  10:53  Zealot x6  
  175  10:57  Assimilator  
  175  10:58  Assimilator  
  175  11:00  Pylon  
  175  11:04  Probe x3  
  178  11:09  Photon Cannon  
  178  11:18  Zealot, Stalker x3  
  178  11:19  Zealot x3  
  178  11:25  Disruptor x2  
  186  11:29  Zealot  
  188  11:36  Pylon x2  
  188  11:37  Disruptor  
  161  11:48  Stalker  
  161  11:49  Stalker x6  
  155  11:57  Stalker x3  
  157  12:08  Disruptor x2  
  149  12:13  Zealot x7  
  163  12:29  Stalker x3  
  169  12:33  Disruptor  
  165  12:48  Photon Cannon, Stalker x5  
  165  12:49  Dark Shrine, Stalker x2  
  179  12:52  Disruptor  
  177  13:01  Disruptor  
  180  13:13  Disruptor  
  180  13:19  Zealot x7  
  197  13:27  Disruptor, Nexus  
  197  13:35  Pylon  
  197  13:36  Disruptor  
  166  14:10  Photon Cannon  
  166  14:12  Photon Cannon  

Tags
 
Add a new tag
Caveats
  • Supply blocks, unpowered buildings, or Contaminate may cause inaccurate times.
  • Supply counts are checked every 10 seconds.